 Dungeon Crawl Stone Soup version 0.24.0-13-gcf9b319 (webtiles) character file.

Game seed: 15767180095060610814, levelgen mode: deterministic

516 Fang the Skirmisher (level 7, -3/44 HPs)
             Began as a Gargoyle Berserker on Nov 20, 2019.
             Was a Priest of Trog.
             Killed from afar by a centaur (28 damage)
             ... with a bolt of acid
             ... on level 4 of the Dungeon on Nov 21, 2019.
             The game lasted 00:03:32 (3468 turns).

Fang the Skirmisher (Gargoyle Berserker)            Turns: 3468, Time: 00:03:33

Health: -3/44      AC:  5    Str: 23    XL:     7   Next: 20%
Magic:  7/7        EV: 13    Int:  7    God:    Trog [***...]
Gold:   239        SH:  0    Dex:  9    Spells: 6/6 levels left

rFire    . . .     SeeInvis .   a - +0 hand axe
rCold    . . .     Gourm    .   (no shield)
rNeg     + . .     Faith    .   b - +0 animal skin
rPois    ∞         Spirit   .   (no helmet)
rElec    +         Reflect  .   (no cloak)
rCorr    .         Harm     .   n - +1 pair of gloves
MR       .....                  (no boots)
Stlth    +.........             (no amulet)
HPRegen  0.14/turn              (no ring)
MPRegen  0.10/turn              (no ring)

@: corroded
A: negative energy resistance 1, electricity resistance, unbreathing,
petrification resistance, rot immunity, AC +4
a: Berserk, Trog's Hand, Renounce Religion


You were on level 4 of the Dungeon.
You worshipped Trog.
Trog was most pleased with you.
You were not hungry.

You visited 1 branch of the dungeon, and saw 4 of its levels.

You collected 239 gold pieces.

Inventory:

Hand Weapons
 a - a +0 hand axe (weapon)
Armour
 b - a +0 animal skin (worn)
 n - a +1 pair of gloves (worn)
Jewellery
 l - an uncursed ring of wizardry {unknown}
 m - a cursed ring of teleportation {unknown}
 o - an uncursed ring of see invisible
 p - an uncursed amulet of faith {unknown}
Wands
 h - a wand of enslavement (12)
Scrolls
 d - a scroll of remove curse {unknown}
 e - a scroll of immolation {unknown}
 g - a scroll of enchant armour {unknown}
 i - 6 scrolls of identify {unknown}
Potions
 f - a potion of brilliance {unknown}
 j - 2 potions of agility {unknown}
 k - a potion of berserk rage {unknown}
Comestibles
 c - 6 rations
 q - 3 chunks of flesh


   Skills:
 + Level 5.1 Fighting
 + Level 4.3 Axes
 + Level 4.5 Armour
 + Level 3.3 Dodging


You had 6 spell levels left.
You didn't know any spells.
Your spell library was empty.

Dungeon Overview and Level Annotations

Branches:
Dungeon (4/15)
 Temple: D:4-7

Altars:


Innate Abilities, Weirdness & Mutations

You are resistant to torment.
Your stone body is resilient. (AC +4)
You are immune to poison.
You resist negative energy. (rN+)
You are resistant to electric shocks. (rElec)
You can survive without breathing.
You are immune to petrification.
You are immune to rotting.


Message History

You kill the giant cockroach!
Trog accepts your kill.
You are feeling hungry.
Search for what [? for help]? armor You see here a giant cockroach corpse.
You butcher the giant cockroach corpse.
q - 4 chunks of flesh (gained 1) Search for what [Enter for "armor", or ? for help]?
Eating one of 4 chunks of flesh.
You eat one of the 4 chunks of flesh.
This raw flesh tastes terrible.
HP restored.
A centaur comes into view.
It is wielding a +0 hand axe and carrying a wand of acid (7).
The centaur unwields a +0 hand axe.
The centaur wields a +0 shortbow.
The centaur shoots an arrow.
The arrow misses you.
The centaur zaps a wand.
The bolt of acid hits you. The acid corrodes you!
You are splashed with acid!
The centaur shoots an arrow.
The arrow closely misses you.
The centaur zaps a wand.
The bolt of acid hits you!!
Ouch! That really hurt!
You die...

######.# ########### #.#
#.........# #.# #.........#
#.# #.........## #.#
#..........# #.#
.#.##..........###### #.#
.......c..[....##...#####.#
#####.....@.....≈≈≈..).##.#
#....<).....≈.≈....##.#
#.........(.≈.≈....##.#
#####'####..≈.≈....##.#
#####.# #.........##.#
#.....# #.........##.#
#.##### ###..#######.# #.#
##.# #.# #.####### #.## #.#


You could see a centaur.

Vanquished Creatures
  Menkaure (D:4)
  A hound (D:4)
  3 orc priests (D:4)
  Jessica (D:3)
  An iguana (D:4)
  An orc wizard (D:3)
  A worker ant (D:4)
  A hound skeleton (D:4)
  5 adders
  A shadow imp (D:4)
  5 worms
  2 dart slugs
  6 leopard geckos
  15 orcs
  4 giant cockroaches
  8 goblins
  8 hobgoblins
  10 kobolds
  3 quokkas
  6 bats
  3 frilled lizards
  7 rats
93 creatures vanquished.

Notes
Turn   | Place    | Note
-------+----------+-------------------------------------------
     0 | D:1      | Fang the Gargoyle Berserker began the quest for the Orb.
     0 | D:1      | Reached XP level 1. HP: 14/14 MP: 1/1
   229 | D:1      | Reached XP level 2. HP: 16/19 MP: 2/2
   430 | D:1      | Reached XP level 3. HP: 20/23 MP: 3/3
   559 | D:1      | Reached ** piety under Trog
   907 | D:2      | Reached XP level 4. HP: 12/29 MP: 4/4
  1509 | D:2      | Reached skill level 4 in Fighting
  1897 | D:3      | Noticed Jessica
  1904 | D:3      | Killed Jessica
  1904 | D:3      | Reached XP level 5. HP: 28/33 MP: 5/5
  2105 | D:3      | Reached *** piety under Trog
  2780 | D:4      | Noticed Menkaure
  2787 | D:4      | Reached XP level 6. HP: 39/39 MP: 6/6
  2792 | D:4      | Killed Menkaure
  3151 | D:4      | Reached skill level 5 in Fighting
  3314 | D:4      | Reached XP level 7. HP: 44/44 MP: 7/7
  3468 | D:4      | Killed from afar by a centaur

Levels and vault maps discovered:
D:1:      kennysheep_arrival_forest, layout_rooms
D:2:      layout_rooms, first_ration, kennysheep_generic_room_2
D:3:      layout_loops_ring, grunt_ministairs_10,
          hangedman_decor_diamond_cutter, uniq_jessica
D:4:      layout_basic, serial_rivers, chequers_serial_rivers_room_a,
          chequers_serial_rivers_small_b, chequers_serial_rivers_micro_d,
          chequers_serial_rivers_small_b, uniq_menkaure

Skill      XL: |  1  2  3  4  5  6 |
---------------+-------------------+-----
Axes           | 3 4 |  4.3
Dodging        | 2 3 |  3.3
Armour         | 3 4 |  4.5
Fighting       | 4 5 |  5.1

Action                   |  1- 3 |  4- 6 |  7- 9 || total
-------------------------+-------+-------+-------++-------
Melee: Hand axe          |   104 |   227 |     9 ||   340
Invok: Berserk           |     1 |     3 |       ||     4
 Stab: Sleeping          |     1 |     2 |       ||     3
  Eat: Chunk             |     1 |    10 |     2 ||    13
Armor: Animal skin       |    35 |    66 |     4 ||   105
Dodge: Dodged            |    82 |   138 |     6 ||   226
